 Dungeon Crawl Stone Soup version 0.28.0 (webtiles) character file.

Game seed: 532312803458363700

5421 issech the Basher (level 10, -10/90 HPs)
             Began as a Troll Monk on Feb 9, 2022.
             Was a Priest of Hepliaklqana.
             Mangled by a two-headed ogre (16 damage)
             ... in a bailey.
             The game lasted 00:45:37 (9422 turns).

issech the Basher (Troll Monk)                      Turns: 9422, Time: 00:45:38

Health: -10/90     AC: 10    Str: 21    XL:     10   Next: 40%
Magic:  0/18       EV: 12    Int:  6    God:    Hepliaklqana [***...]
Gold:   282        SH:  0    Dex: 16    Spells: 9/9 levels left

rFire   . . .      SeeInvis .   X - +3 dire flail
rCold   . . .      Faith    .   (shield currently unavailable)
rNeg    . . .      Spirit   +   o - +3 steam dragon scales
rPois   .          Reflect  .   (helmet restricted)
rElec   .          Harm     .   (no cloak)
rCorr   .          Rampage  .   (gloves unavailable)
Will    +....                   (boots unavailable)
Stlth   ++........              j - amulet of guardian spirit
HPRegen 1.05/turn               E - ring of willpower
MPRegen 0.16/turn               x - ring of magical power

@: no status effects
A: reduced essence, large, unfitting armour, claws 3, regeneration 1, shaggy fur
1, tough skin 1
a: Renounce Religion, Recall Ancestor, Ancestor Identity, Transference


You were in a bailey.
You worshipped Hepliaklqana.
Hepliaklqana was most pleased with you.
You visited 2 branches of the dungeon, and saw 9 of its levels.
You also visited: Sewer and Bailey.

You collected 282 gold pieces.

Inventory:

Hand Weapons
 a - a +1 halberd of flaming
 m - a +0 dagger of protection
 y - a +0 giant spiked club of flaming
 B - a +2 dagger of freezing
 K - a +1 whip of electrocution
 T - a +0 flail of holy wrath
 V - a +1 scimitar
 W - a +4 spear
 X - a +3 dire flail (weapon)
Missiles
 c - 207 stones
 h - 94 bolts
 q - 45 sling bullets
 t - 2 throwing nets
 F - 13 boomerangs (quivered)
 H - 43 poisoned darts
 J - 6 datura-tipped darts
 P - 123 arrows
 Q - 5 javelins
 S - a curare-tipped dart
Armour
 b - a +0 robe
 o - +3 steam dragon scales (worn)
 I - the +1 leather armour of the Sunfish {Fly Will+ Str-4 Dex+9 SInv}
   (You found it on level 4 of the Dungeon)

   Str:       It affects your strength (-4).
   Dex:       It affects your dexterity (+9).
   SInv:      It lets you see invisible.
   Fly:       It grants you flight.
   Will:      It increases your willpower.
Magical Staves
 D - a staff of fire
Jewellery
 f - a ring of see invisible
 j - an amulet of guardian spirit (around neck)
 u - a +6 ring of intelligence
 x - a ring of magical power (right claw)
 C - a +6 ring of intelligence
 E - a ring of willpower (left claw)
Wands
 z - a wand of flame (27)
 R - a wand of charming (2)
 Y - a wand of iceblast (12)
Scrolls
 i - a scroll of magic mapping
 r - 2 scrolls of teleportation
 A - a scroll of amnesia
 G - a scroll of blinking
 M - 2 scrolls of identify
 N - 2 scrolls of fear
Potions
 d - 2 potions of degeneration {unknown}
 e - 3 potions of lignification {unknown}
 g - a potion of heal wounds {unknown}
 k - 2 potions of curing {unknown}
 l - 2 potions of magic {unknown}
 n - 2 potions of ambrosia {unknown}
 s - 2 potions of flight {unknown}
 v - a potion of attraction {unknown}
 L - 3 potions of haste {unknown}
 O - a potion of might {unknown}
 U - 2 potions of mutation {unknown}


   Skills:
 + Level 6.3 Fighting
 + Level 11.0 Maces & Flails
 + Level 6.0 Dodging
 + Level 2.6 Stealth


You had 9 spell levels left.
You didn't know any spells.
Your spell library contained the following spells:

 Spells                   Type           Power      Damage    Failure   Level
 Animate Skeleton         Necr           0%         N/A       45%         1
 Pain                     Necr           0%         1d4       45%         1
 Slow                     Hex            0%         N/A       45%         1
 Summon Small Mammal      Summ           0%         N/A       45%         1
 Sublimation of Blood     Necr           0%         N/A       58%         2
 Wereblood                Tmut           0%         N/A       58%         2
 Call Canine Familiar     Summ           0%         N/A       83%         3
 Confusing Touch          Hex            0%         N/A       83%         3
 Summon Guardian Golem    Hex/Summ       0%         N/A       83%         3
 Vampiric Draining        Necr           0%         2d6       83%         3
 Yara's Violent Unravell  Hex/Tmut       0%         3d3       100%        5
 Enfeeble                 Hex            0%         N/A       100%        7
 Summon Hydra             Summ           0%         N/A       100%        7


Dungeon Overview and Level Annotations

Branches:
Dungeon (8/15)             Temple (1/1) D:5           Sewer (visited)
 Bailey (1/1)
   Lair: D:8-11

Altars:
Ashenzari
Cheibriados
Dithmenos
Elyvilon
Fedhas
Gozag
Hepliaklqana
Kikubaaqudgha
Makhleb
Nemelex Xobeh
Okawaru
Qazlal
Ru
Sif Muna
Trog
Uskayaw
Vehumet
Wu Jian
Xom
Yredelemnul
Zin
The Shining One


Innate Abilities, Weirdness & Mutations

Your life essence is reduced to manifest your ancestor. (-10% HP)
You are too large for most types of armour.
You have claws for hands.
Your natural rate of healing is unusually fast.
You are covered in fur. (AC +1)
You have tough skin. (AC +1)


Message History

The spriggan is severely wounded.
The spriggan hits you with a +0 trident.
* * * LOW HITPOINT WARNING * * *
You sock the spriggan!
You kill the spriggan!
You start resting.
A two-headed ogre is nearby!
A two-headed ogre is nearby!
A two-headed ogre is nearby!
A two-headed ogre is nearby!
A two-headed ogre is nearby!
You swap places.
Throw: 13 boomerangs
Press: ? - help, Q - select action, (/) - cycle Shift-Dir - straight line, f - two-headed ogre
Aim: a two-headed ogre, wielding two +0 halberds (77% to hit)
You throw a boomerang.
The boomerang barely misses the two-headed ogre.
Nenetl gestures at the two-headed ogre while chanting.
The stone arrow hits the two-headed ogre!
The two-headed ogre hits you from afar with a +0 halberd!
* * * LOW HITPOINT WARNING * * *
The two-headed ogre hits you from afar with a +0 halberd!!
* * * LOW HITPOINT WARNING * * *
Nenetl hits the two-headed ogre with a +0 quarterstaff!
Nenetl gestures at the two-headed ogre while chanting.
The stone arrow hits the two-headed ogre!
The two-headed ogre hits Nenetl with a +0 halberd! x2
Nenetl hits the two-headed ogre with a +0 quarterstaff!
The spriggan hits you but does no damage.
The two-headed ogre barely misses Nenetl.
The two-headed ogre hits Nenetl with a +0 halberd!
Nenetl is destroyed!
The two-headed ogre shouts in stereo!
The spriggan hits you with a +0 spear!
* * * LOW HITPOINT WARNING * * *
You bludgeon the spriggan!!
The spriggan is severely wounded.
The spriggan closely misses you.
The two-headed ogre hits you from afar with a +0 halberd!
You die...

#######
......##
.......## ###
######..##
##.## ..
##..## ##...##
. ##O.##
#.....#
#♣..###.....##
#..≈≈≈..∩...#
♣..≈≈≈..@...#
#..≈≈≈))i...#
♣..≈≈≈.).O..#
#..≈≈≈..∩)..#
##..###.....##
. ♣♣..##
#.....# ..
♣♣..## ##...##
♣###♣#..##
##.##
.......## ###


You could see a two-headed ogre and a spriggan.

Vanquished Creatures
  Pikel (D:5)
  Grinder (D:2)
  2 spriggans (Bailey)
  Eustachio (D:4)
  A steam dragon (D:8)
  An orc warrior (D:7)
  A sky beast (D:5)
  4 ogres
  A centaur (D:8)
  4 lemures (D:5)
  5 kobold brigands
  3 bullfrogs (D:7)
  A scorpion (D:4)
  A wyvern zombie (D:6)
  2 gnoll sergeants
  A wyvern skeleton (D:7)
  2 wights
  2 centaur zombies
  A hound (D:5)
  6 orc priests
  A gnoll shaman (D:8)
  A jelly (D:5)
  A centaur skeleton (D:7)
  A bullfrog skeleton (D:6)
  5 iguanas
  6 orc wizards
  A scorpion zombie (D:5)
  A killer bee zombie (D:6)
  Robin (D:4)
  3 howler monkey zombies
  6 adders
  17 gnolls
  A river rat (Sewer)
  2 shadow imps
  3 white imps
  An ufetubus (D:5)
  7 worms
  3 dart slugs
  20 orcs
  9 ball pythons
  4 bats
  9 endoplasms
  A giant cockroach (D:3)
  21 goblins
  8 hobgoblins
  5 jackals
  17 kobolds
  A quokka (D:3)
  8 frilled lizards
  8 rats
213 creatures vanquished.

Vanquished Creatures (collateral kills)
  A spriggan (Bailey)
  A wraith (D:6)
  A necrophage (D:7)
  A black bear (D:6)
  A sky beast (D:5)
  4 ogres
  2 kobold brigands
  A gnoll sergeant (D:5)
  A scorpion (D:7)
  3 wights (D:6)
  A bullfrog zombie (D:5)
  A bullfrog skeleton (D:7)
  An orc priest (D:6)
  An orc wizard (D:6)
  4 gnolls
  An adder (D:6)
  A dart slug (D:5)
  3 orcs
  2 goblins (D:8)
  A hobgoblin (D:8)
  11 kobolds
43 creatures vanquished.

Vanquished Creatures (others)
  An orc wizard (D:4)
  4 battlemagi
5 creatures vanquished.

Grand Total: 261 creatures vanquished

Notes
Turn   | Place    | Note
-------+----------+-------------------------------------------
     0 | D:1      | issech the Troll Monk began the quest for the Orb.
     0 | D:1      | Reached XP level 1. HP: 22/22 MP: 0/0
   107 | D:1      | Reached XP level 2. HP: 29/29 MP: 1/1
   399 | D:1      | Reached skill level 3 in Maces & Flails
   477 | D:1      | Reached XP level 3. HP: 34/36 MP: 2/2
   614 | D:1      | Found a faded altar of an unknown god.
  1314 | D:2      | Reached XP level 4. HP: 35/45 MP: 3/3
  1677 | D:2      | Reached skill level 4 in Maces & Flails
  1829 | D:3      | Noticed an ogre
  2197 | D:3      | Noticed Grinder
  2212 | D:3      | Paralysed by Grinder for 4 turns
  2505 | D:2      | Killed an ogre
  2506 | D:2      | Reached XP level 5. HP: 40/53 MP: 4/4
  2571 | D:2      | Paralysed by Grinder for 2 turns
  2628 | D:2      | Paralysed by Grinder for 5 turns
  2640 | D:2      | Paralysed by Grinder for 2 turns
  2642 | D:2      | Killed Grinder
  2643 | D:2      | Reached skill level 5 in Maces & Flails
  2643 | D:2      | Reached XP level 6. HP: 26/62 MP: 4/5
  3142 | D:3      | Reached XP level 7. HP: 68/68 MP: 6/6
  3640 | D:4      | Reached skill level 6 in Maces & Flails
  3773 | D:4      | Found a burning altar of Makhleb.
  3840 | D:4      | Noticed Robin
  3858 | D:4      | Killed Robin
  4037 | D:4      | Identified the +1 leather armour of the Sunfish {Fly Will+
                  | Str-4 Dex+9 SInv}
  4099 | D:4      | Noticed Eustachio
  4164 | D:4      | Killed Eustachio
  4165 | D:4      | Reached XP level 8. HP: 65/78 MP: 7/7
  4342 | D:5      | Entered Level 5 of the Dungeon
  4366 | D:5      | Reached skill level 7 in Maces & Flails
  4413 | D:5      | Noticed Pikel
  4631 | D:5      | Killed Pikel
  4632 | D:5      | Reached skill level 5 in Dodging
  4685 | D:5      | Found a glowing drain.
  4719 | Sewer    | Entered a sewer
  4827 | Sewer    | Reached skill level 8 in Maces & Flails
  5576 | D:5      | Reached XP level 9. HP: 51/87 MP: 8/8
  5631 | D:5      | Found a staircase to the Ecumenical Temple.
  5643 | Temple   | Entered the Ecumenical Temple
  5692 | Temple   | Became a worshipper of Hepliaklqana the Forgotten
  5692 | Temple   | Reached * piety under Hepliaklqana
  5692 | Temple   | Reached ** piety under Hepliaklqana
  5693 | Temple   | Remembered your ancestor Nenetl as a battlemage
  6307 | D:6      | Reached skill level 5 in Fighting
  6343 | D:5      | Reached skill level 9 in Maces & Flails
  6486 | D:5      | Identified a scroll of acquirement
  6486 | D:5      | Acquired 801 gold pieces
  7410 | D:6      | Reached skill level 10 in Maces & Flails
  8286 | D:7      | Reached XP level 10. HP: 84/87 MP: 9/9
  8823 | D:8      | Reached *** piety under Hepliaklqana
  9209 | D:8      | Found a flagged portal.
  9219 | Bailey   | Entered a bailey
  9323 | Bailey   | Noticed a two-headed ogre
  9334 | Bailey   | Reached skill level 11 in Maces & Flails
  9378 | Bailey   | HP: 3/88 [spriggan (8)]
  9420 | Bailey   | HP: 4/90 [spriggan (9)]
  9422 | Bailey   | Mangled by a two-headed ogre

Illustrated notes

Levels and vault maps discovered:
D:1:      dpeg_arrival_signposts, layout_basic, shapermc_ecumenical_altar_venn,
          corner_web_ring
D:2:      layout_loops_cross, kennysheep_decorative_pillar,
          chequers_serial_rivers_micro_e
D:3:      layout_loops_ring, uniq_grinder
D:4:      layout_rooms, kennysheep_little_box, serial_glass, glass_columns_b,
          glass_columns_a, glass_columns_a, glass_columns_b, glass_columns_b,
          uniq_eustachio, uniq_robin
D:5:      layout_basic, minmay_temple_entry_sparse_star,
          cheibrodos_sewer_entry_bend, uniq_pikel
D:6:      wander_river, layout_basic, minmay_microvault
D:7:      layout_loops_ring, serial_rivers, chequers_serial_rivers_large_b,
          chequers_serial_rivers_large_a, chequers_serial_rivers_micro_b,
          chequers_serial_rivers_micro_a
D:8:      layout_loops_corners, serial_shops, nicolae_shop_statue_plus,
          enter_bailey_4
Temple:   nicolae_temple_the_god_donut
Bailey:   bailey_polearm_enchanted_keep_hellmonk, bailey

Skill      XL: |  1  2  3  4  5  6  7  8  9 10 |
---------------+-------------------------------+-----
Maces & Flails | 3 4 5 6 8 10 11 | 11.0
Fighting       | 3 4 5 6 |  6.3
Dodging        | 3 4 5 6 |  6.0
Stealth        | 2 |  2.6

Action                   |  1- 3 |  4- 6 |  7- 9 | 10-12 || total
-------------------------+-------+-------+-------+-------++-------
Melee: Mace              |   126 |   113 |       |       ||   239
       Punch             |     2 |       |       |       ||     2
       Giant spiked club |       |    61 |   372 |       ||   433
       Dire flail        |       |       |    47 |    69 ||   116
Throw: Stone             |       |     2 |       |       ||     2
       Boomerang         |       |       |       |     1 ||     1
Invok: Ancestor Life: Ba |       |       |     1 |       ||     1
  Use: Scroll            |       |       |    12 |     6 ||    18
 Stab: Sleeping          |     1 |     1 |     1 |     2 ||     5
       Distracted        |       |     1 |     2 |       ||     3
Armor: Robe              |    43 |    41 |   137 |     2 ||   223
       Steam dragon scal |       |       |       |     5 ||     5
Dodge: Dodged            |    75 |   117 |   276 |    53 ||   521
